Map: Cyber Forest LE

Players

dladhksehd

  • Race: Terran Terran
  • League: Bronze
  • Spawn Location: 11:00

playezvibe - Winner!

  • Race: Terran Terran
  • League: Bronze
  • Spawn Location: 5:00

VOD

Have the link to the VOD?

Description

Time

  • Played on: July 24, 2019, 7:07 a.m.
  • Length: 19:50
Show
View Real Time Build Order
Export as new Build Order

dladhksehd Terran 

Build Orders:  

Get SALT Encoding   

  12  0:03  SCV  
  13  0:20  SCV, Supply Depot  
  14  0:26  Refinery  
  14  0:34  SCV  
  15  0:45  Barracks  
  15  0:51  SCV  
  15  0:55  Refinery  
  16  1:07  SCV  
  18  1:29  SCV  
  18  1:34  Supply Depot  
  18  1:42  Reaper  
  18  1:46  SCV  
  20  2:02  SCV, Bunker  
  21  2:18  Command Center  
  21  2:19  Orbital Command  
  21  2:44  Supply Depot  
  21  2:59  Reaper  
  20  3:41  SCV  
  20  3:45  Barracks Tech Lab  
  21  3:49  Factory  
  21  4:03  Ghost Academy  
  21  4:06  SCV  
  21  4:21  Marine  
  22  4:31  SCV  
  22  4:36  Factory Tech Lab  
  22  4:38  Starport  
  23  4:39  Marauder  
  23  4:40  Ghost Academy  
  23  4:41  Supply Depot  
  23  4:43  SCV  
  26  4:55  SCV  
  27  5:04  SCV  
  28  5:07  SCV  
  29  5:16  SCV  
  30  5:33  Supply Depot, Nuke  
  30  5:34  Personal Cloaking  
  30  5:38  SCV  
  30  5:42  Supply Depot  
  31  5:46  Factory Tech Lab  
  31  5:47  Ghost Academy  
  31  5:48  Cloaking Field  
  31  5:51  SCV  
  31  5:52  Marine  
  33  5:59  Banshee  
  33  6:03  SCV  
  37  6:10  Ghost  
  39  6:12  Refinery  
  39  6:19  SCV  
  40  6:27  Bunker  
  41  6:32  SCV  
  41  6:35  SCV  
  41  6:38  Ghost  
  44  6:41  Refinery  
  44  6:47  SCV  
  45  6:54  SCV  
  46  6:59  Nuke  
  46  7:04  Barracks  
  46  7:07  Rapid Reignition System  
  46  7:11  Bunker  
  46  7:18  SCV  
  47  7:30  SCV  
  48  7:42  SCV  
  49  7:45  SCV  
  49  7:50  Bunker  
  50  7:57  SCV  
  51  8:00  Bunker  
  51  8:43  SCV  
  52  8:49  Ghost Academy  
  52  8:51  Nuke  
  52  8:52  SCV  
  53  8:57  Ghost Academy x2  
  53  9:06  Siege Tank  
  53  9:07  Banshee  
  53  9:09  Fusion Core  
  59  9:11  SCV  
  60  9:21  Marine  
  60  9:22  Supply Depot  
  54  9:38  Siege Tank  
  57  9:39  Ghost  
  59  9:49  Banshee  
  62  9:56  Ghost Academy  
  62  10:01  Ghost Academy  
  62  10:02  SCV  
  62  10:06  Supply Depot  
  63  10:31  Barracks Reactor  
  61  10:37  Bunker  
  61  11:15  Nuke  
  61  11:16  Nuke  
  61  11:17  Nuke x3  
  61  11:20  Nuke  
  61  11:28  Siege Tank  
  64  11:39  SCV  
  62  12:24  Siege Tank  
  60  12:47  Nuke  
  60  12:50  Nuke  
  60  12:57  Marine x2  
  60  13:02  SCV  
  61  13:08  Nuke  
  61  13:14  SCV, Marine  
  61  13:15  Marine  
  64  13:26  SCV  
  65  13:29  Bunker  
  65  13:32  Marine x2  
  67  13:46  Ghost Academy  
  67  13:48  SCV  
  68  13:50  Marine x2  
  70  14:08  Marine x2  
  70  14:09  SCV  
  66  14:15  Battlecruiser  
  66  14:17  SCV  
  73  14:24  Ghost Academy  
  73  14:26  Marine x2  
  73  14:27  SCV  
  76  14:42  Armory  
  76  14:51  Supply Depot  
  76  14:53  Marine  
  77  15:11  Marine  
  78  15:19  Battlecruiser  
  81  15:29  Ghost  
  83  15:51  Command Center  
  83  15:57  Marine  
  63  17:25  SCV  
  64  17:31  Refinery  
  64  17:38  SCV  
  64  17:39  Nuke x2  
  64  17:42  Nuke  
  65  17:46  Ghost  
  67  17:52  Marine x2  
  67  17:55  Barracks  
  69  18:10  Marine  
  70  18:15  Ghost  
  72  18:35  SCV  
  73  18:43  SCV, Ghost  
  76  18:57  Refinery  
  70  19:37  SCV  
Show
View Real Time Build Order
Export as new Build Order

playezvibe Terran - Winner!

Build Orders: 2 Factory 

Get SALT Encoding   

  12  0:10  Supply Depot  
  12  0:19  Refinery  
  12  0:35  Barracks  
  12  0:46  Supply Depot  
  12  0:53  SCV  
  13  1:05  SCV  
  14  1:17  SCV  
  15  1:28  Factory  
  15  1:33  Reaper  
  16  1:47  Orbital Command, Refinery  
  16  1:59  Factory  
  16  2:08  Marine  
  17  2:25  Marine  
  18  2:30  Bunker  
  18  2:43  Marine  
  19  3:01  Marine  
  19  3:17  Hellion  
  21  3:45  Command Center  
  21  3:47  SCV  
  22  3:59  SCV  
  23  4:11  SCV  
  23  4:15  Factory Tech Lab  
  24  4:24  SCV  
  25  4:25  Barracks Reactor  
  25  4:36  SCV  
  26  4:48  SCV  
  26  4:51  Starport  
  27  4:59  Infernal Pre-Igniter  
  27  5:00  SCV  
  27  5:05  Siege Tank  
  31  5:12  SCV  
  32  5:15  Refinery  
  32  5:31  Refinery  
  32  5:39  Fusion Core  
  32  5:43  SCV  
  33  5:51  Starport Tech Lab  
  33  5:56  SCV  
  34  5:59  Orbital Command  
  34  6:08  SCV  
  35  6:12  Engineering Bay  
  35  6:26  SCV, Armory  
  36  6:38  SCV  
  37  6:44  Terran Infantry Weapons Level 1  
  37  6:52  Ghost Academy  
  37  6:54  Liberator  
  37  7:01  Advanced Ballistics  
  40  7:23  SCV  
  41  7:30  Siege Tank  
  41  7:35  SCV  
  45  7:38  SCV  
  45  7:41  Terran Ship Weapons Level 1  
  46  7:47  SCV  
  47  7:59  SCV  
  48  8:12  SCV  
  49  8:17  Supply Depot  
  49  8:20  Rapid Reignition System  
  49  8:38  Terran Infantry Armor Level 1  
  49  8:41  Supply Depot  
  49  8:43  Marine x2  
  51  8:55  SCV  
  52  9:01  Marine x2  
  54  9:04  Supply Depot  
  54  9:16  Corvid Reactor  
  54  9:19  Marine x2  
  56  9:27  Supply Depot  
  56  9:36  Terran Vehicle And Ship Armor Level 1  
  56  9:37  Marine x2  
  55  9:50  Supply Depot  
  55  10:04  Starport  
  55  10:12  Thor  
  61  10:14  Supply Depot  
  61  10:32  Terran Infantry Weapons Level 2  
  57  10:36  Supply Depot  
  57  10:55  Thor  
  63  10:59  Supply Depot  
  60  11:12  Starport Tech Lab  
  60  11:16  Thor  
  60  11:19  Raven  
  60  11:22  Supply Depot  
  60  11:24  Marine x2  
  64  11:38  Thor  
  64  11:39  Battlecruiser  
  76  11:42  Marine x2  
  76  11:46  Supply Depot  
  78  11:59  Marine  
  78  12:00  Marine  
  80  12:09  Supply Depot  
  80  12:17  Marine x2  
  80  12:21  Siege Tank  
  85  12:43  Battlecruiser  
  91  12:47  Supply Depot  
  91  12:48  Hi-Sec Auto Tracking  
  91  12:53  Siege Tank  
  94  13:05  Raven  
  96  13:25  Starport  
  96  13:41  Nuke  
  96  13:45  Neosteel Armor  
  96  13:46  Terran Vehicle Weapons Level 1  
  96  13:47  Battlecruiser  
  96  13:48  Raven  
  104  14:26  Starport Reactor  
  104  14:37  Thor  
  110  14:51  Battlecruiser  
  116  15:12  Command Center  
  115  15:43  Thor  
  121  15:54  Command Center  
  121  15:56  Battlecruiser  
  123  16:14  Weapon Refit  
  123  16:26  Siege Tank  
  126  16:52  Viking x2  
  129  17:22  Viking x2  
  133  17:40  SCV, Refinery  
  134  17:52  Viking x2  
  134  18:22  Viking x2  
  138  18:35  Battlecruiser  
  144  18:52  Viking x2  
  148  18:57  Refinery  
Tags
 
Matchup
TvT
Opening
2 Factory
Race
Terran
Spawn Locations
Cross Positions
Add a new tag
Caveats
  • Supply blocks, unpowered buildings, or Contaminate may cause inaccurate times.
  • Supply counts are checked every 10 seconds.